3AA
WESTWOOD SIXSHOOTERS @ SAN ANTONIO BC
09/04/2033
 
TOP OF THE 1ST
Westwood Sixshooters batting - Pitching for San Antonio BC : RHP Israel Zorita
Pitching: RHP Israel Zorita
Batting: LHB António Quintero 0-0: Swinging Strike
0-1: Fly out, F7 (Flyball, 7LM)
Batting: SHB Julián Valentín 0-0: Ball
1-0: Hit by Pitch
Batting: SHB Júlio Morín Jr. 0-0: Called Strike
0-1: Swinging Strike
0-2: Ball
1-2: Fly out, F8 (Line Drive, 8RM)
Batting: RHB Loren Stallings 0-0: Called Strike
0-1: Ground out 3-1 (Groundball, 34)
Top of the 1st over - 0 runs, 0 hits, 0 errors, 1 left on base; Westwood 0 - San Antonio 0
BOTTOM OF THE 1ST
San Antonio BC batting - Pitching for Westwood Sixshooters : RHP Jason Starkey
Pitching: RHP Jason Starkey
Batting: RHB Mike Howard 0-0: Swinging Strike
0-1: Ground out 6-3 (Groundball, 6)
Batting: RHB Ben Hampton 0-0: Foul Ball, location: 2F
0-1: SINGLE (Groundball, 34D)
Batting: RHB Angeddy Almanzar 0-0: Ball
1-0: Called Strike
1-1: Ball
2-1: Called Strike
2-2: Strikes out swinging
Batting: RHB Chet Mathis 0-0: Called Strike
Ben Hampton is caught stealing 2nd base
Bottom of the 1st over - 0 runs, 1 hit, 0 errors, 0 left on base; Westwood 0 - San Antonio 0
TOP OF THE 2ND
Westwood Sixshooters batting - Pitching for San Antonio BC : RHP Israel Zorita
Batting: LHB Mitchell Cusimano 0-0: Called Strike
0-1: Hit by Pitch
Batting: LHB Phil Minor 0-0: Foul Ball, location: 2F
0-1: TRIPLE (Line Drive, 9LD)
Mitchell Cusimano scores
Batting: SHB Joel Field 0-0: Swinging Strike
0-1: Swinging Strike
0-2: Strikes out looking
Batting: RHB Domingo Bravo 0-0: Fly out, F9 (Flyball, 89M)
Runner from 3rd tags up, SCORES, no throw
Batting: LHB Lorenzo Díaz 0-0: Ball
1-0: Called Strike
1-1: Ball
2-1: Called Strike
2-2: Ball
3-2: Ground out 5-3 (Groundball, 5)
Top of the 2nd over - 2 runs, 1 hit, 0 errors, 0 left on base; Westwood 2 - San Antonio 0
BOTTOM OF THE 2ND
San Antonio BC batting - Pitching for Westwood Sixshooters : RHP Jason Starkey
Batting: RHB Chet Mathis 0-0: Ball
1-0: Swinging Strike
1-1: Foul Ball, location: 2F
1-2: Foul Ball, location: 2F
1-2: Strikes out swinging
Batting: RHB Brodie Floyd 0-0: Called Strike
0-1: Foul Ball, location: 2F
0-2: Ball
1-2: Ball
2-2: Strikes out swinging, 2-3 out at first.
Batting: LHB Pablo Morales 0-0: Foul Ball, location: 2F
0-1: Ball
1-1: Ball
2-1: Ball
3-1: Swinging Strike
3-2: Base on Balls
Batting: RHB Tyler Utterback 0-0: Ball
1-0: Called Strike
1-1: Ball
2-1: Fielders Choice at 2nd, 6-4 (Groundball, 6)
Bottom of the 2nd over - 0 runs, 0 hits, 0 errors, 1 left on base; Westwood 2 - San Antonio 0
TOP OF THE 3RD
Westwood Sixshooters batting - Pitching for San Antonio BC : RHP Israel Zorita
Batting: LHB António Quintero 0-0: Ball
1-0: Fly out, F9 (Flyball, 9S)
Batting: SHB Julián Valentín 0-0: DOUBLE (Flyball, 8RD)
Batting: SHB Júlio Morín Jr. 0-0: Ball
1-0: Swinging Strike
1-1: Foul Ball, location: 2F
1-2: Ball
2-2: Strikes out looking
Batting: RHB Loren Stallings 0-0: Swinging Strike
0-1: Called Strike
0-2: Strikes out looking
Top of the 3rd over - 0 runs, 1 hit, 0 errors, 1 left on base; Westwood 2 - San Antonio 0
BOTTOM OF THE 3RD
San Antonio BC batting - Pitching for Westwood Sixshooters : RHP Jason Starkey
Batting: RHB Jesse Francis 0-0: Ball
1-0: Foul Ball, location: 2F
1-1: Swinging Strike
1-2: Strikes out swinging
Batting: LHB Peter Ough 0-0: Ball
1-0: Ball
2-0: Called Strike
2-1: Ball
3-1: Ground out 4-3 (Groundball, 4)
Batting: RHB Mike Howard 0-0: Called Strike
0-1: Ball
1-1: Ball
2-1: Bunted foul
2-2: Strikes out looking
Bottom of the 3rd over - 0 runs, 0 hits, 0 errors, 0 left on base; Westwood 2 - San Antonio 0
TOP OF THE 4TH
Westwood Sixshooters batting - Pitching for San Antonio BC : RHP Israel Zorita
Batting: LHB Mitchell Cusimano 0-0: Called Strike
0-1: Ball
1-1: Ball
2-1: Swinging Strike
2-2: Strikes out swinging
Batting: LHB Phil Minor 0-0: Called Strike
0-1: Called Strike
0-2: Fly out, F4 (Line Drive, 4)
Batting: SHB Joel Field 0-0: Called Strike
0-1: Ball
1-1: SINGLE (Groundball, 25) (infield hit)
Batting: RHB Domingo Bravo 0-0: Called Strike
0-1: Called Strike
0-2: SINGLE (Groundball, 6MD)
Joel Field to second
Batting: LHB Lorenzo Díaz 0-0: Ball
1-0: Ball
2-0: SINGLE (Groundball, 34D)
Joel Field to third
Domingo Bravo to second
Runner from 3rd tries for Home, SAFE, throw made home
Batting: LHB António Quintero 0-0: Swinging Strike
0-1: Ball
1-1: Ground out 4-3 (Groundball, 4)
Top of the 4th over - 1 run, 3 hits, 0 errors, 2 left on base; Westwood 3 - San Antonio 0
BOTTOM OF THE 4TH
San Antonio BC batting - Pitching for Westwood Sixshooters : RHP Jason Starkey
Batting: RHB Ben Hampton 0-0: Ball
1-0: SINGLE (Line Drive, 6MD)
Batting: RHB Angeddy Almanzar 0-0: Ball
1-0: Called Strike
1-1: Ball
2-1: Ball
3-1: Called Strike
3-2: Foul Ball, location: 2F
3-2: SINGLE (Flyball, 8LS)
Ben Hampton to second
Ben Hampton to third
Batting: RHB Chet Mathis 0-0: Called Strike
0-1: Ball
1-1: Foul Ball, location: 2F
1-2: Foul Ball, location: 2F
1-2: Ball
2-2: Strikes out swinging
Batting: RHB Brodie Floyd 0-0: Called Strike
0-1: Ball
1-1: Foul Ball, location: 2F
1-2: Strikes out looking
Batting: LHB Pablo Morales 0-0: Called Strike
0-1: Foul Ball, location: 2F
0-2: Ball
1-2: Ground out 4-3 (Groundball, 34D)
Bottom of the 4th over - 0 runs, 2 hits, 0 errors, 2 left on base; Westwood 3 - San Antonio 0
TOP OF THE 5TH
Westwood Sixshooters batting - Pitching for San Antonio BC : RHP Israel Zorita
Batting: SHB Julián Valentín 0-0: Called Strike
0-1: Called Strike
0-2: Ball
1-2: Foul Ball, location: 2F
1-2: Ball
2-2: Ball
3-2: Fly out, F8 (Line Drive, 8LD)
Batting: SHB Júlio Morín Jr. 0-0: SINGLE (Groundball, 56D)
Batting: RHB Loren Stallings 0-0: Ball
Pickoff Throw to First - Out!
1-0: Foul Ball, location: 2F
1-1: Ball
2-1: Foul Ball, location: 2F
2-2: Ball
3-2: SINGLE (Flyball, 9S)
Batting: LHB Mitchell Cusimano 0-0: Foul Ball, location: 2F
0-1: Ball
1-1: Ground out 6-3 (Groundball, 6MS)
Top of the 5th over - 0 runs, 2 hits, 0 errors, 1 left on base; Westwood 3 - San Antonio 0
BOTTOM OF THE 5TH
San Antonio BC batting - Pitching for Westwood Sixshooters : RHP Jason Starkey
Batting: RHB Tyler Utterback 0-0: Ball
1-0: Foul Ball, location: 2F
1-1: TRIPLE (Line Drive, 78XD)
Batting: RHB Jesse Francis 0-0: Ball
1-0: Called Strike
1-1: DOUBLE (Line Drive, 7LM)
Tyler Utterback scores
Batting: LHB Peter Ough 0-0: Foul Ball, location: 2F
0-1: Ball
1-1: Ground out U3 (Groundball, 3S)
Jesse Francis to third
Batting: RHB Mike Howard 0-0: Called Strike
0-1: Ball
1-1: Ground out 1-3 (Groundball, 13S)
Batting: RHB Ben Hampton 0-0: Ball
1-0: Called Strike
1-1: Swinging Strike
1-2: Ball
2-2: Ball
3-2: Ground out 5-3 (Groundball, 5L)
Bottom of the 5th over - 1 run, 2 hits, 0 errors, 1 left on base; Westwood 3 - San Antonio 1
TOP OF THE 6TH
Westwood Sixshooters batting - Pitching for San Antonio BC : RHP Israel Zorita
Batting: LHB Phil Minor 0-0: Ball
1-0: Swinging Strike
1-1: Swinging Strike
1-2: Strikes out looking
Batting: SHB Joel Field 0-0: Ball
1-0: SINGLE (Line Drive, 8RS)
Batting: RHB Domingo Bravo 0-0: Fielders Choice at 2nd, 4-6 (Groundball, 4)
Batting: LHB Lorenzo Díaz 0-0: Called Strike
0-1: Ball
1-1: Called Strike
1-2: Strikes out looking
Top of the 6th over - 0 runs, 1 hit, 0 errors, 1 left on base; Westwood 3 - San Antonio 1
BOTTOM OF THE 6TH
San Antonio BC batting - Pitching for Westwood Sixshooters : RHP Jason Starkey
Pitching: RHP Jin Kwon
Batting: RHB Angeddy Almanzar 0-0: Called Strike
0-1: Called Strike
0-2: Foul Ball, location: 2F
0-2: SOLO HOME RUN (Flyball, 7D), Distance : 404 ft
Batting: RHB Chet Mathis 0-0: Called Strike
0-1: SINGLE (Line Drive, 7S)
Batting: RHB Brodie Floyd 0-0: Called Strike
0-1: Ball
1-1: Swinging Strike
1-2: Ball
2-2: Foul Ball, location: 2F
2-2: 2-RUN HOME RUN (Flyball, 7D), Distance : 405 ft
Pitching: RHP Mike Larsen
Batting: LHB Pablo Morales 0-0: SINGLE (Line Drive, 6D)
Batting: RHB Tyler Utterback 0-0: Called Strike
0-1: Ball
1-1: Ball
2-1: Ball
3-1: Base on Balls
Pablo Morales to second
Batting: RHB Jesse Francis 0-0: Called Strike
0-1: Ball
1-1: Grounds out, U3 (Groundball, 3L)
Pablo Morales to third
Batting: LHB Peter Ough 0-0: Ball
1-0: Fly out, F8 (Flyball, 8RM)
Runner from 3rd tags up, SCORES, throw made
Batting: RHB Mike Howard 0-0: Ball
1-0: Called Strike
1-1: Ball
2-1: Foul Ball, location: 2F
2-2: Ground out 5-3 (Groundball, 56)
Bottom of the 6th over - 4 runs, 4 hits, 0 errors, 1 left on base; Westwood 3 - San Antonio 5
TOP OF THE 7TH
Westwood Sixshooters batting - Pitching for San Antonio BC : RHP Israel Zorita
Batting: LHB António Quintero 0-0: Foul Ball, location: 2F
0-1: SINGLE (Groundball, 4MD)
Batting: SHB Julián Valentín 0-0: Called Strike
0-1: Ball
1-1: Ball
2-1: Ball
3-1: SINGLE (Flyball, 8RS)
António Quintero to second
Batting: SHB Júlio Morín Jr. 0-0: Ball
1-0: Ball
2-0: Fly out, F8 (Flyball, 8LS)
Batting: RHB Loren Stallings 0-0: Ball
1-0: Called Strike
1-1: Foul Ball, location: 2F
1-2: Ball
2-2: Ball
3-2: SINGLE (Line Drive, 56)
António Quintero to third
Julián Valentín to second
Batting: LHB Mitchell Cusimano 0-0: Ball
1-0: Ball
2-0: Ball
3-0: Called Strike
3-1: Swinging Strike
3-2: Strikes out swinging
Batting: LHB Phil Minor 0-0: Ball
1-0: Ball
2-0: Ball
3-0: Base on Balls
António Quintero scores
Julián Valentín to third
Loren Stallings to second
Batting: SHB Joel Field 0-0: Foul Ball, location: 2F
0-1: Ground out 4-3 (Groundball, 4)
Top of the 7th over - 1 run, 3 hits, 0 errors, 3 left on base; Westwood 4 - San Antonio 5
BOTTOM OF THE 7TH
San Antonio BC batting - Pitching for Westwood Sixshooters : RHP Mike Larsen
Batting: RHB Ben Hampton 0-0: Swinging Strike
0-1: Called Strike
0-2: Strikes out swinging
Batting: RHB Angeddy Almanzar 0-0: Ball
1-0: Fly out, F6 (Line Drive, 6)
Batting: RHB Chet Mathis 0-0: Called Strike
0-1: Swinging Strike
0-2: Foul Ball, location: 2F
0-2: Strikes out swinging
Bottom of the 7th over - 0 runs, 0 hits, 0 errors, 0 left on base; Westwood 4 - San Antonio 5
TOP OF THE 8TH
Westwood Sixshooters batting - Pitching for San Antonio BC : RHP Israel Zorita
Now at 1B: Tom Chagolla
Batting: RHB Domingo Bravo 0-0: Called Strike
0-1: Ball
1-1: Ball
2-1: Called Strike
2-2: Ground out 5-3 (Groundball, 56S)
Batting: LHB Lorenzo Díaz 0-0: Ball
1-0: Ball
2-0: DOUBLE (Line Drive, 89S) - OUT at third base trying to stretch hit.
Batting: LHB António Quintero 0-0: Ball
1-0: Called Strike
1-1: SINGLE (Flyball, 9S)
Pitching: RHP Liam Sorrell
Batting: SHB Julián Valentín 0-0: Foul Ball, location: 2F
0-1: Ball
1-1: Ball
2-1: Foul Ball, location: 2F
2-2: Foul Ball, location: 2F
2-2: Foul Ball, location: 2F
2-2: Hit by Pitch
António Quintero to second
Batting: SHB Júlio Morín Jr. 0-0: Swinging Strike
0-1: Ball
1-1: Ball
2-1: SINGLE (Line Drive, 7LS)
António Quintero to third
Julián Valentín to second
Runner from 3rd tries for Home, SAFE, no throw
Batting: RHB Loren Stallings 0-0: Ball
1-0: Fielders Choice at 2nd, 6-4 (Groundball, 6)
Top of the 8th over - 1 run, 3 hits, 0 errors, 2 left on base; Westwood 5 - San Antonio 5
BOTTOM OF THE 8TH
San Antonio BC batting - Pitching for Westwood Sixshooters : RHP Mike Larsen
Batting: RHB Brodie Floyd 0-0: Ball
1-0: Swinging Strike
1-1: Swinging Strike
1-2: Ball
2-2: Ball
3-2: Base on Balls
Batting: LHB Pablo Morales 0-0: Called Strike
0-1: Ball
1-1: Fly out, F5 (Popup, 56S)
Batting: RHB Tyler Utterback 0-0: Fly out, F9 (Flyball, 9D)
Batting: RHB Jesse Francis 0-0: Ground out 4-3 (Groundball, 4D)
Bottom of the 8th over - 0 runs, 0 hits, 0 errors, 1 left on base; Westwood 5 - San Antonio 5
TOP OF THE 9TH
Westwood Sixshooters batting - Pitching for San Antonio BC : RHP Liam Sorrell
Batting: LHB Mitchell Cusimano 0-0: Called Strike
0-1: Called Strike
0-2: Ball
1-2: Foul Ball, location: 2F
1-2: Strikes out looking
Batting: LHB Phil Minor 0-0: Ball
1-0: Fly out, F9 (Line Drive, 9D)
Batting: SHB Joel Field 0-0: Fly out, F8 (Flyball, 89M)
Top of the 9th over - 0 runs, 0 hits, 0 errors, 0 left on base; Westwood 5 - San Antonio 5
BOTTOM OF THE 9TH
San Antonio BC batting - Pitching for Westwood Sixshooters : RHP Mike Larsen
Batting: LHB Peter Ough 0-0: Ball
1-0: SINGLE (Groundball, 34D)
Batting: RHB Mike Howard 0-0: Sac Bunt - play at first, batter safe!
Peter Ough to second
Batting: RHB Ben Hampton 0-0: Sac Bunt - play at first, batter OUT! 1-4
Peter Ough to third
Mike Howard to second
Batting: RHB Angeddy Almanzar 0-0: Intentional Walk
Batting: SHB Tom Chagolla 0-0: Ball
1-0: Foul Ball, location: 2F
1-1: Ball
Wild Pitch!
Peter Ough scores
Saturday, December 22nd, 2018 - OOTP Baseball 18.8 Build 76